 Dungeon Crawl Stone Soup version 0.17.1-3-g152610e (webtiles) character file.

4499 Malevolent the Missionary (level 10, -3/81 HPs)
             Began as a Hill Orc Fire Elementalist on Mar 4, 2016.
             Was a Priest of Beogh.
             Hit by a stone thrown by an orc warrior (15 damage)
             ... on level 7 of the Dungeon.
             The game lasted 01:02:09 (11927 turns).

Malevolent the Missionary (HOFE)                   Turns: 11927, Time: 01:02:09

Health: -3/81      AC:  7    Str: 13    XL:     10   Next: 38%
Magic:  17/17      EV: 12    Int: 19    God:    Beogh [***...]
Gold:   355        SH:  0    Dex: 16    Spells: 5 memorised, 3 levels left

rFire  . . .     SeeInvis .     p - +4 dagger (speed)
rCold  . . .     Clarity  .     n - +0 leather armour (curse)
rNeg   . . .     SustAt   .     (no shield)
rPois  .         Gourm    .     h - +2 hat
rElec  .         Spirit   .     J - +0 cloak
rCorr  .         Warding  .     f - +0 pair of gloves
rMut   +         Stasis   .     (no boots)
MR     .....                    Q - amulet of resist mutation
Stlth  +++.......               x - +3 ring of intelligence
                                o - +4 ring of dexterity

@: lethally poisoned (-3 -> -7), drained, not resistant to hostile enchantments,
fairly stealthy
A: no striking features
a: Smiting, Renounce Religion


You were on level 7 of the Dungeon.
You worshipped Beogh.
Beogh was most pleased with you.
You were not hungry.

You visited 1 branch of the dungeon, and saw 8 of its levels.

You collected 475 gold pieces.
You spent 120 gold pieces at shops.

Inventory:

Hand Weapons
 p - a +4 dagger of speed (weapon)
 P - a +2 dagger of venom
Armour
 f - a +0 pair of gloves (worn)
 h - a +2 hat (worn)
 n - a cursed +0 leather armour (worn)
 J - a +0 cloak (worn)
Jewellery
 o - a +4 ring of dexterity (left hand)
 u - an uncursed ring of positive energy
 x - a +3 ring of intelligence (right hand)
 y - an uncursed ring of see invisible
 G - an uncursed amulet of stasis
 Q - an amulet of resist mutation (around neck)
Wands
 k - a wand of fire (10)
 w - a wand of slowing (26)
Scrolls
 a - 2 scrolls of recharging {unknown}
 i - 3 scrolls of teleportation
 m - 3 scrolls of enchant armour
 r - 2 scrolls of immolation
 s - 5 scrolls of remove curse
 H - 3 scrolls of amnesia
 I - a scroll of summoning {unknown}
 N - 2 scrolls of noise {unknown}
 O - a scroll of magic mapping
Potions
 d - a potion of magic
 e - 2 potions of might
 q - a potion of poison {unknown}
 v - 2 potions of brilliance
 A - a potion of lignification {unknown}
 B - a potion of flight
 C - 4 potions of heal wounds
 D - a potion of invisibility {unknown}
 E - a potion of resistance {unknown}
 F - 3 potions of haste
 L - 2 potions of agility {unknown}
 M - 2 potions of curing
Books
 b - a book of Flames

   Spells                             Type                      Level
   a - Flame Tongue                   Conjuration/Fire             1
   b - Throw Flame                    Conjuration/Fire             2
   c - Conjure Flame                  Conjuration/Fire             3
   d - Inner Flame                    Hexes/Fire                   3
   e - Sticky Flame                   Conjuration/Fire             4
   f - Fireball                       Conjuration/Fire             5
 K - a Fen Folio

   Spells                             Type                      Level
   a - Corpse Rot                     Necromancy                   2
   b - Stone Arrow                    Conjuration/Earth            3
   c - Leda's Liquefaction            Hexes/Earth                  4
   d - Summon Forest                  Summoning/Translocation      5
   e - Hydra Form                     Transmutation                6
   f - Summon Hydra                   Summoning                    7
Comestibles
 c - 5 bread rations
 g - 7 fruits
 j - a meat ration
 l - 4 beef jerkies
 t - 2 slices of pizza
 z - 3 chunks of flesh


   Skills:
 - Level 5.1(5.0) Fighting
 - Level 4.2(4.1) Short Blades
 - Level 1.5(1.4) Dodging
 + Level 5.5(5.4) Stealth
 - Level 4.0(3.8) Spellcasting
 + Level 5.8(5.6) Conjurations
 - Level 7.1(7.0) Fire Magic
 + Level 9.6(9.4) Invocations


You had 3 spell levels left.
You knew the following spells:

 Your Spells              Type           Power        Failure   Level  Hunger
a - Flame Tongue          Conj/Fire      ####.        1%          1    None
b - Conjure Flame         Conj/Fire      ####....     4%          3    ###....
c - Inner Flame           Hex/Fire       ###.....     17%         3    ###....
d - Stone Arrow           Conj/Erth      ##....       21%         3    ###....
e - Sticky Flame          Conj/Fire      ####....     14%         4    ####...


Dungeon Overview and Level Annotations

Branches:
Dungeon (8/15)             Temple (0/1) D:7
   Lair: D:8-11

Altars:
Cheibriados
Elyvilon
Yredelemnul

Shops:
D:4 ?   D:6 }:   D:8 *

Annotations:
D:2 Natasha
D:5 Gargoyl's ghost, amateur DsAK
D:6 1 exclusion
D:7 Dowan; Joseph


Message History

Your orc warrior misses the killer bee.
Drink which item? (? for menu, Esc to quit)
You feel better. The killer bee misses you. The killer bee barely misses you.
Your orc wizard casts a spell at the killer bee.
The killer bee resists with significant effort.
Your orc warrior hits the killer bee but does no damage.
You miss the killer bee.
The killer bee is severely wounded.
The killer bee stings you!
* * * LOW HITPOINT WARNING * * *
Your orc wizard closely misses the killer bee.
The killer bee stings you.
* * * LOW HITPOINT WARNING * * *
You are poisoned.
The killer bee poisons you!
You feel sick.
Your orc warrior throws a stone.
The stone completely misses the killer bee.
The stone hits you!
You die...
Beogh appreciates your orc warrior's killing of a heretic priest.

+........+ +..................
#........# #.......#..###.....
#....[)..# #.......#..........
#######)..# #...##..#..####..#.
..........#####...##..#...# #..#.
.............o)....#..#...# #..#'
.............)††...#..#...###....
..............oy...#.............
................@..#......[......
##....#......###...#.............
...............#...#.#.........#+
...............#...#.#.#####.....
......#######....>...#.# ##...#
..#...##PPP##........#.# .....
..#...#P...P#........#.# ..h...
..#...'..>.P#........#.# #......
..#...#P...P#........#.# ......


You could see a killer bee, a friendly orc warrior and a friendly orc wizard
(invisible).

Vanquished Creatures
  Psyche (D:8)
  The ghost of Gargoyl the Skirmisher, an amateur DsAK of Lugonu (D:6)
  6 yaks (D:6)
  A hippogriff (D:8)
  An orc warrior (D:8)
  A black bear (D:7)
  3 sky beasts
  3 ice beasts (D:4)
  A phantom (D:4)
  3 ogres
  A wasp (D:7)
  A centaur (D:4)
  3 giant frogs (D:6)
  A scorpion (D:4)
  A water moccasin skeleton (D:8)
  4 killer bees
  2 crimson imps
  2 wights (D:7)
  4 orc priests
  4 hounds
  An iguana (D:8)
  Ijyb (D:2)
  A jelly (D:7)
  A giant frog skeleton (D:4)
  5 orc wizards
  Natasha (twice) (D:2)
  2 centaur skeletons
  5 worker ants
  A hound zombie (D:7)
  A hound skeleton (D:8)
  8 gnolls (D:4)
  9 adders
  A shadow imp (D:8)
  An ooze (D:2)
  An adder skeleton (D:8)
  4 worms
  7 giant geckos
  25 orcs
  2 ball pythons
  2 giant cockroaches
  13 goblins
  9 hobgoblins
  8 jackals
  5 kobolds
  5 quokkas
  6 bats
  2 giant gecko skeletons
  4 giant newts
  A quokka zombie (D:6)
  11 rats
188 creatures vanquished.

Vanquished Creatures (collateral kills)
  A phantom (D:8)
  A wight (D:7)
  A crimson imp (D:8)
  An orc priest (D:8)
  A worker ant (D:8)
  An orc (D:8)
6 creatures vanquished.

Vanquished Creatures (others)
  3 orcs
  A quokka (D:7)
4 creatures vanquished.

Grand Total: 198 creatures vanquished

Notes
Turn   | Place    | Note
--------------------------------------------------------------
     0 | D:1      | Malevolent the Hill Orc Fire Elementalist began the quest for the Orb.
     0 | D:1      | Reached XP level 1. HP: 14/14 MP: 3/3
   193 | D:1      | Reached XP level 2. HP: 20/22 MP: 1/4
   370 | D:1      | Reached skill level 1 in Fighting
   908 | D:1      | Reached XP level 3. HP: 21/28 MP: 6/6
   913 | D:1      | Learned a level 3 spell: Conjure Flame
  1625 | D:2      | Reached XP level 4. HP: 18/36 MP: 0/7
  1836 | D:2      | Reached skill level 4 in Fire Magic
  2031 | D:2      | Noticed Natasha
  2041 | D:2      | Killed Natasha
  2041 | D:2      | Reached skill level 1 in Short Blades
  2157 | D:2      | Noticed Ijyb
  2167 | D:2      | Noticed Natasha
  2173 | D:2      | Killed Natasha
  2173 | D:2      | Reached XP level 5. HP: 42/42 MP: 8/8
  2185 | D:2      | Killed Ijyb
  2284 | D:2      | Found a faded altar to an unknown god.
  2427 | D:2      | Noticed Natasha
  2998 | D:3      | Became a worshipper of Beogh the Brigand
  3730 | D:3      | Reached XP level 6. HP: 50/50 MP: 9/9
  4112 | D:4      | Learned a level 3 spell: Inner Flame
  4209 | D:4      | Reached * piety under Beogh
  4210 | D:4      | Reached skill level 5 in Fire Magic
  4433 | D:4      | Reached XP level 7. HP: 32/58 MP: 1/11
  4546 | D:4      | Reached skill level 1 in Invocations
  4666 | D:4      | Found Causuho's Magic Scroll Boutique.
  4674 | D:4      | Bought a scroll of remove curse for 30 gold pieces
  4674 | D:4      | Bought a scroll of identify for 20 gold pieces
  4674 | D:4      | Bought a scroll of identify for 20 gold pieces
  4674 | D:4      | Bought a scroll of identify for 20 gold pieces
  4674 | D:4      | Bought a scroll of teleportation for 30 gold pieces
  5374 | D:5      | Entered Level 5 of the Dungeon
  5647 | D:4      | Reached skill level 5 in Fighting
  5647 | D:4      | Reached skill level 6 in Fire Magic
  5647 | D:4      | Reached XP level 8. HP: 56/68 MP: 5/12
  5789 | D:5      | Noticed Gargoyl's ghost (amateur DsAK)
  6784 | D:5      | Reached ** piety under Beogh
  6784 | D:5      | Reached skill level 5 in Invocations
  6868 | D:4      | Reached skill level 7 in Fire Magic
  7677 | D:5      | Reached XP level 9. HP: 66/74 MP: 12/14
  8005 | D:6      | Killed Gargoyl's ghost
  8155 | D:6      | Found Nocless's Book Shop.
  8554 | D:6      | Found a basalt altar of Yredelemnul.
  8585 | D:6      | Found Nouch's Quality Used Wands.
  9218 | D:6      | Reached skill level 8 in Invocations
 10064 | D:7      | Reached XP level 10. HP: 81/81 MP: 13/16
 10235 | D:7      | Noticed Joseph
 10327 | D:7      | Learned a level 3 spell: Stone Arrow
 10335 | D:7      | Learned a level 4 spell: Sticky Flame
 10339 | D:7      | Noticed Dowan
 10387 | D:7      | Found a white marble altar of Elyvilon.
 10556 | D:7      | Found a staircase to the Ecumenical Temple.
 10603 | D:7      | Reached skill level 5 in Conjurations
 10661 | D:7      | Found a snail-covered altar of Cheibriados.
 10821 | D:8      | Reached skill level 5 in Stealth
 10963 | D:8      | Found Punekh's General Store.
 11042 | D:8      | Reached *** piety under Beogh
 11047 | D:8      | Reached skill level 9 in Invocations
 11338 | D:8      | Noticed Psyche
 11357 | D:8      | Killed Psyche
 11927 | D:7      | Hit by a stone thrown by an orc warrior

Action                   |  1- 3 |  4- 6 |  7- 9 | 10-12 || total
-------------------------+-------+-------+-------+-------++-------
Melee: Club              |    11 |       |       |       ||    11
       Unarmed           |     2 |       |       |       ||     2
       Dagger            |    97 |   172 |   454 |   104 ||   827
 Cast: Flame Tongue      |    33 |    51 |   173 |    43 ||   300
       Conjure Flame     |       |     2 |     6 |     2 ||    10
       Sticky Flame      |       |       |       |     4 ||     4
       Stone Arrow       |       |       |       |     1 ||     1
Invok: Convert to Beogh  |       |     1 |       |       ||     1
  Use: Scroll            |     3 |     9 |     5 |     1 ||    18
       Potion            |       |     3 |     2 |     1 ||     6
 Stab: Sleeping          |     2 |     3 |     2 |     2 ||     9
  Eat: Chunk             |     3 |     4 |     4 |     2 ||    13
       Meat ration       |       |     1 |     1 |     1 ||     3
       Bread ration      |       |       |     2 |       ||     2
       Pizza             |       |       |       |     1 ||     1
